 Dungeon Crawl Stone Soup version 0.24-a0-769-g368c1644f8 (webtiles) character file.

Game seed: 4903460343233548556, levelgen mode: deterministic

69 Kiporshnikov the Shield-Bearer (level 4, -1/35 HPs)
             Began as a Formicid Fighter on Oct 3, 2019.
             Slain by a goblin (3 damage)
             ... led by Robin
             ... on level 2 of the Dungeon on Oct 5, 2019.
             The game lasted 00:07:03 (1649 turns).

Kiporshnikov the Shield-Bearer (Formicid Fighter)   Turns: 1649, Time: 00:07:03

Health: -1/35      AC:  7    Str: 27    XL:     4   Next: 42%
Magic:  4/4        EV:  8    Int:  7    God:
Gold:   38         SH: 10    Dex: 10    Spells: 3/3 levels left

rFire    . . .     SeeInvis +   a - +0 long sword
rCold    . . .     Gourm    .   c - +0 shield
rNeg     . . .     Faith    .   b - +0 scale mail
rPois    .         Spirit   .   (helmet unavailable)
rElec    .         Reflect  .   (no cloak)
rCorr    .         Harm     .   (no gloves)
MR       .....                  (no boots)
Stlth    ..........             (no amulet)
HPRegen  0.11/turn              (no ring)
MPRegen  0.09/turn              (no ring)

@: mighty
A: permanent stasis, dig shafts and tunnels, four strong arms, antennae 3
a: Dig, Shaft Self


You were on level 2 of the Dungeon.
You were not hungry.

You visited 1 branch of the dungeon, and saw 2 of its levels.

You collected 38 gold pieces.

Inventory:

Hand Weapons
 a - a +0 long sword (weapon)
Missiles
 k - 74 stones (quivered)
Armour
 b - a +0 scale mail (worn)
 c - a +0 shield (worn)
 j - a +0 scale mail
Jewellery
 m - an uncursed ring of flight {unknown}
Potions
 i - a potion of invisibility
 l - a potion of agility {unknown}
 n - a potion of curing {unknown}
Comestibles
 f - 3 rations
 o - 4 chunks of flesh


   Skills:
 + Level 3.4 Fighting
 + Level 2.7 Long Blades
 + Level 3.8 Armour
 + Level 0.4 Dodging
 + Level 4.7 Shields


You had 3 spell levels left.
You didn't know any spells.
Your spell library was empty.

Dungeon Overview and Level Annotations

Branches:
Dungeon (2/15)

Altars:

Annotations:
D:2 Robin


Innate Abilities, Weirdness & Mutations

You cannot be hasted, slowed, berserked, paralysed or teleported.
You can dig through walls and to a lower floor.
Your four strong arms can wield two-handed weapons with a shield.
You have a pair of large antennae on your head. (SInv)


Message History

The goblin hits you with a +1 vampiric dagger.
The goblin draws strength from your wounds!
The hobgoblin barely misses you. The goblin barely misses you.
Robin hits you from afar with a +0 trident.
You slash the goblin!
You kill the goblin!
The hobgoblin hits you. Robin throws the goblin at you!
You barely miss the goblin. The hobgoblin hits you.
The goblin barely misses you. You block Robin's attack.
You block the hobgoblin's attack. The goblin hits you.
Unknown command.
You closely miss the goblin. The hobgoblin hits you.
* * * LOW HITPOINT WARNING * * *
The goblin hits you.
* * * LOW HITPOINT WARNING * * *
You feel very mighty all of a sudden. Robin hits you but does no damage.
The hobgoblin hits you.
* * * LOW HITPOINT WARNING * * *
The goblin hits you.
You die... #..# #.. #.. #.. ##.## ggg

#g# #@# #g# ####
#รท# ..# #.# #.#
#.#
###.##########.#
###..............#
#.........########
..#.#.###.# ##.##
###


You could see Robin, 2 hobgoblins and 2 goblins.

Vanquished Creatures
  An adder (D:2)
  An ooze (D:1)
  A worm (D:2)
  2 dart slugs (D:1)
  2 leopard geckos
  2 ball pythons (D:2)
  4 bats (D:1)
  2 giant cockroaches
  9 goblins
  5 hobgoblins
  4 jackals (D:1)
  A frilled lizard (D:1)
  4 kobolds (D:1)
  6 rats (D:1)
44 creatures vanquished.

Notes
Turn   | Place    | Note
-------+----------+-------------------------------------------
     0 | D:1      | Kiporshnikov the Formicid Fighter began the quest for the
                  | Orb.
     0 | D:1      | Reached XP level 1. HP: 18/18 MP: 1/1
    90 | D:1      | Reached XP level 2. HP: 22/24 MP: 2/2
   275 | D:1      | Reached skill level 4 in Shields
   481 | D:1      | Reached XP level 3. HP: 26/29 MP: 3/3
  1049 | D:1      | Upgraded the game from 0.24-a0-762-gca426f56c8 to
                  | 0.24-a0-769-g368c1644f8
  1329 | D:2      | Reached XP level 4. HP: 35/35 MP: 4/4
  1635 | D:2      | Noticed Robin
  1649 | D:2      | Slain by a goblin

Levels and vault maps discovered:
D:1:      evilmike_arrival_hilbert_curve, layout_basic,
          minmay_misc_feat_nine_boxes, minmay_tetromino_t4
D:2:      layout_loops_ring, chequers_ecumenical_altar_simple_redux, uniq_robin

Skill      XL: |  1  2 |
---------------+-------+-----
Shields        | 4 |  4.7
Fighting       | |  3.4
Long Blades    | |  2.7
Armour         | |  3.8
Dodging        | |  0.4

Action                   |  1- 3 |  4- 6 || total
-------------------------+-------+-------++-------
Melee: Long sword        |    93 |    36 ||   129
 Abil: Dig               |     5 |       ||     5
  Use: Scroll            |       |     4 ||     4
       Potion            |       |     1 ||     1
  Eat: Ration            |     1 |       ||     1
       Chunk             |     1 |       ||     1
Armor: Scale mail        |    66 |    11 ||    77
Dodge: Dodged            |    50 |    16 ||    66
Block: Shield            |    71 |    22 ||    93
       Rpst.: Long sword |    17 |     2 ||    19

Table legend:
 A = Non-vault XP
 B = Vault XP
 C = Vault XP percentage of total XP
 D = Non-vault monster count
 E = Vault monster count
 F = Vault count percentage of total count
                 A         B        C        D         E       F
            +---------+---------+-------+---------+---------+-------
      Total |      84 |      15 |  15.2 |      35 |       9 |  20.5
            +---------+---------+-------+---------+---------+-------
        D:1 |      55 |       3 |   5.2 |      28 |       2 |   6.7
        D:2 |      29 |      12 |  29.3 |       7 |       7 |  50.0
            +---------+---------+-------+---------+---------+-------
